 Dungeon Crawl Stone Soup version 0.28-a0-1143-gcf6077d4cc (webtiles) character file.

Game seed: 8341296917528549787

170 spaghetti the Sneak (level 5, -1/41 HPs)
             Began as a Djinni Delver on Dec 14, 2021.
             Slain by an orc warrior (18 damage)
             ... on level 6 of the Dungeon.
             The game lasted 00:01:44 (376 turns).

spaghetti the Sneak (Djinni Delver)                  Turns: 376, Time: 00:01:44

Health: -1/41      AC:  3    Str: 11    XL:     5   Next: 80%
Gold:   37         EV: 12    Int: 14    God:
                   SH:  0    Dex: 14

rFire   + + .      SeeInvis .     - Unarmed
rCold   x . .      Faith    .   (no shield)
rNeg    . . .      Spirit   .   a - +0 leather armour
rPois   ∞          Reflect  .   (no helmet)
rElec   .          Harm     .   (no cloak)
rCorr   .          Rampage  .   (no gloves)
Will    .....                   (boots unavailable)
Stlth   +++.......              (no amulet)
HPRegen 0.13/turn               g - ring of wizardry
MPRegen 0.00/turn               (no ring)

@: flying
A: sickness immunity, fire resistance 2, cold vulnerability 1, float, innate
caster, hp casting, extra vitality 1
a: no special abilities


You were on level 6 of the Dungeon.
You visited 1 branch of the dungeon, and saw 3 of its levels.

You collected 37 gold pieces.


Innate Abilities, Weirdness & Mutations

You are immune to sickness and miasma.
You are immune to poison.
Your flesh is very heat resistant. (rF++)
You are vulnerable to cold. (rC-)
You float through the air rather than walking.
You learn spells naturally, not from books.
Your magical power is your life essence.
You have superior vitality. (+4 HP)


   Skills:
 + Level 3.9 Fighting
 + Level 3.5 Dodging
 + Level 4.7 Stealth
 + Level 3.2 Unarmed Combat


You had one spell level left.
You knew the following spells:

 Your Spells              Type           Power      Damage    Failure   Level
a - Animate Skeleton      Necr           0%         N/A       16%         1
b - Call Imp              Summ           0%         N/A       22%         2
Your spell library was empty.

Inventory:

Hand Weapons
 h - a +0 mace {mace}
   (You found it on level 5 of the Dungeon)
Missiles
 i - 18 stones (quivered) {throwing}
Armour
 a - a +0 leather armour (worn)
Jewellery
 g - a ring of wizardry (left hand)
   (You found it on level 5 of the Dungeon)
Wands
 f - a wand of digging (3)
Scrolls
 b - a scroll of amnesia {unknown}
 c - a scroll of magic mapping {!r}

Dungeon Overview and Level Annotations

Branches:
Dungeon (7/15)
 Temple: D:4-7

Altars:

Annotations:
D:7 Joseph

#...... #..#.... #.##. #
#. ## # ##### ### ≈≈
#...# #.# #≈. #..@#
#####.### ### #..o#
#.......##### ###.#
#...........## # #.#
#.......###.##
#...##.#####......##>#.
......................'.
##...##.########...##.#.
##. #.# ##.###.## # ..#
### #.##


You could see an orc warrior.


Message History

Unknown command.
You hit the necrophage.
Your scorpion stings the centaur skeleton.
The centaur skeleton hits your centaur zombie.
The centaur skeleton kicks your centaur zombie.
Your bullfrog barely misses the necrophage.
Your centaur zombie hits the centaur skeleton.
The centaur skeleton is destroyed!
Your scorpion closely misses the necrophage.
Your Dodging skill increases to level 3! 😨 HP[+1]
You now have 36 max hp (+1).
Unknown command.
Unknown command.
Unknown command.
You closely miss the necrophage. Your bullfrog hits the necrophage!
The necrophage hits your bullfrog. The necrophage drains your bullfrog.
Your scorpion misses the necrophage. Your bullfrog hits the necrophage!
The necrophage is destroyed!
Your Unarmed Combat skill increases to level 3!
You have reached level 5!
The power to cast Call Imp wells up from within.
Spell assigned to 'b'. 😨 HP[+2]
You now have 41 max hp (+5).
You regained 2 hp, and now have 18/41 hp.
Unknown command.
Unknown command.
You start resting.
Your scorpion dissolves into shadows!
Your centaur zombie dissolves into shadows!
Your bullfrog seems less drained.
Your bullfrog dissolves into shadows!
An orc warrior is nearby! 😕 HP[+21]
You regained 21 hp, and now have 39/41 hp.
Unknown command.
What are your orders? t - Shout!
Orders for allies: a - Attack new target. r - Retreat! s - Stop attacking. g - Guard the area. f - Follow me.
Anything else - Cancel.
You shout for attention!
The orc warrior shouts!
Unknown command.
Unknown command.
Unknown command.
You reach down and close the door, pushing everything out of the way.
There is a stone staircase leading down here.
You fly downwards.
The killer bee buzzes angrily.
You hear a shout!
Found 7 gold pieces.
Found a stone staircase leading up.
There is a stone staircase leading up here.
Unknown command.
Unknown command.
Unknown command.
Unknown command.
Joseph shouts!
The killer bee buzzes angrily.
You fly upwards.
Something unseen opens the door.
There is a stone staircase leading down here. 😕 HP[+1] Unknown command.
Unknown command.
Okay, then.
You aren't carrying any potions.
Unknown command.
You hit the orc warrior but do no damage.
The orc warrior hits you with a +0 flail! 😕 HP[-9]
You take 9 damage, and now have 31/41 hp.
MASSIVE DAMAGE!! (PAUSE) Unknown command.
Unknown command.
Unknown command.
Okay, then.
You hit the orc warrior but do no damage.
The orc warrior hits you with a +0 flail. 😮 HP[-5]
You take 5 damage, and now have 26/41 hp.
Unknown command.
Unknown command.
Unknown command.
Okay, then.
Okay, then.
You hit the orc warrior but do no damage.
You hit the orc warrior but do no damage.
The orc warrior hits you with a +0 flail!
* * * LOW HITPOINT WARNING * * *
😨 HP[-12]
You take 12 damage, and now have 14/41 hp.
MASSIVE DAMAGE!! (PAUSE) Unknown command.
Unknown command. 😨 HP[+1] 😨 HP[+1] 😨 HP[+1]
You see here a scroll labelled ECROAS ZUOJ.
b - a scroll labelled ECROAS ZUOJ The orc warrior hits you with a +0 flail!!
You die...

Skill      XL: |  1  2  3  4 |
---------------+-------------+-----
Dodging        | 3 |  3.5
Unarmed Combat | 3 |  3.2
Fighting       | |  3.9
Stealth        | |  4.7

Action                   |  1- 3 |  4- 6 || total
-------------------------+-------+-------++-------
Melee: Unarmed           |     2 |     8 ||    10
  Use: Scroll            |     4 |       ||     4
       Potion            |     2 |       ||     2
Armor: Leather armour    |     3 |     3 ||     6
Dodge: Dodged            |    11 |     1 ||    12

Levels and vault maps discovered:
D:5:      layout_loops_ring, grunt_temple_overflow_gold_and_silver,
          serial_bayou_pond_e
D:6:      layout_loops_corners, minmay_temple_entry_proselytizer, serial_rivers,
          chequers_serial_rivers_large_b, chequers_serial_rivers_room_b,
          chequers_serial_rivers_room_a, chequers_serial_rivers_micro_a,
          chequers_serial_rivers_micro_c, chequers_serial_rivers_micro_a,
          kennysheep_doodads, minivault_4, minmay_increasing_density
D:7:      layout_layer_cave, uniq_joseph

Notes
Turn   | Place    | Note
-------+----------+-------------------------------------------
     0 | D:5      | spaghetti the Djinni Delver began the quest for the Orb.
     0 | D:5      | Reached XP level 1. HP: 20/20 MP: 0/0
     0 | D:5      | magus.rc [v1.9.6]
    49 | D:5      | Noticed a necrophage
    66 | D:6      | Noticed a hound
    67 | D:6      | Noticed an orc warrior
    68 | D:6      | Noticed a water moccasin zombie
    74 | D:6      | Noticed a scorpion
    74 | D:6      | Noticed a sky beast
   153 | D:6      | Noticed a necrophage
   157 | D:6      | Noticed a scorpion
   184 | D:6      | Killed a scorpion
   185 | D:6      | Reached XP level 2. HP: 14/25 MP: 0/0
   185 | D:6      | Reached XP level 3. HP: 17/30 MP: 0/0
   185 | D:6      | Learned a level 1 spell: Animate Skeleton
   185 | D:6      | Reached XP level 4. HP: 20/35 MP: 0/0
   189 | D:6      | Reached skill level 3 in Dodging
   189 | D:6      | Killed a necrophage
   190 | D:6      | Reached skill level 3 in Unarmed Combat
   190 | D:6      | Reached XP level 5. HP: 18/41 MP: 0/0
   190 | D:6      | Learned a level 2 spell: Call Imp
   350 | D:7      | Noticed Joseph
   351 | D:7      | Noticed a necrophage
   376 | D:6      | Slain by an orc warrior

Vanquished Creatures (collateral kills)
  A necrophage (D:6)
  A scorpion (D:6)
  A centaur skeleton (D:6)
3 creatures vanquished.

Table legend:
 A = Non-vault XP
 B = Vault XP
 C = Vault XP percentage of total XP
 D = Non-vault monster count
 E = Vault monster count
 F = Vault count percentage of total count
                 A         B        C        D         E       F
            +---------+---------+-------+---------+---------+-------
      Total |     244 |       0 |   0.0 |       3 |       0 |   0.0
            +---------+---------+-------+---------+---------+-------
        D:6 |     244 |       0 |   0.0 |       3 |       0 |   0.0
            +---------+---------+-------+---------+---------+-------

Illustrated notes

Table legend:
 A = Kills in this place as a percentage of kills in entire the game.
 B = Kills by you in this place as a percentage of kills by you in the entire game.
 C = Kills by friends in this place as a percentage of kills by friends in the entire game.
 D = Other kills in this place as a percentage of other kills in the entire game.
 E = Experience gained in this place as a percentage of experience gained in the entire game.
 F = Experience gained in this place divided by the number of levels of this place that you have seen.
                   A       B       C       D       E      F
               +-------+-------+-------+-------+-------+----------------------
         Total | 100.0 |   N/A | 100.0 |   N/A | 100.0 |  81.3
       Dungeon | 100.0 |   N/A | 100.0 |   N/A | 100.0 |  81.3
               +-------+-------+-------+-------+-------+----------------------

Table legend: (Time is in decaauts)
 A = Elapsed time spent in this place.
 B = Non-inter-level travel time spent in this place.
 C = Inter-level travel time spent in this place.
 D = Time resting spent in this place.
 E = Time spent auto-exploring this place.
 F = Levels seen in this place.
 G = Mean time per level.
                   A        B        C        D        E       F      G
               +--------+--------+--------+--------+--------+-----+--------+
         Total |    355 |    343 |     12 |    157 |     46 |   3 |  118.3 |
       Dungeon |    355 |    343 |     12 |    157 |     46 |   3 |  118.3 |
               +--------+--------+--------+--------+--------+-----+--------+

Top non-repeatable levels by time:
     D:6: 287 daAuts
     D:5: 65 daAuts
     D:7: 1 daAuts
